 Dungeon Crawl Stone Soup version 0.29-a0-233-g1125b37a9b (webtiles) character file.

Game seed: 7895449382828306517

211582 enile the Warrior (level 17, -2/153 (158) HPs)
             Began as a Demonspawn Wanderer on Mar 2, 2022.
             Was a Priest of Ashenzari.
             Slain by a +3 battleaxe of distortion (23 damage)
             ... on level 1 of the Elven Halls.
             The game lasted 01:15:34 (28919 turns).

enile the Warrior (Demonspawn Wanderer)            Turns: 28919, Time: 01:15:34

HP:   -2/153 (158)  AC: 33    Str: 27      XL:     17   Next: 75%
MP:   20/20         EV: 15    Int: 16 (17) God:    Ashenzari [***...]
Gold: 2718          SH:  0    Dex: 25      Spells: 19/20 levels left

rFire   + + .      SeeInvis +   k - +7 demon trident "Ensconced Disgust" {freeze, *Rage rF++ Dex+3 SInv, Cun, Fort} (curse)
rCold   x . .      Faith    .   (no shield)
rNeg    . . .      Spirit   .   G - +15 Maxwell's patent armour {-Cast -Tele rElec Will+ rCorr, Melee, Comp} (curse)
rPois   +          Reflect  .   (no helmet)
rElec   +          Harm     .   (no cloak)
rCorr   +          Rampage  .   (no gloves)
Will    ++...      Clarity  +   (no boots)
Stlth   +......... NoTele   +   l - amulet of the Profound Pleiades {Regen+, Evo, Elem} (curse)
HPRegen 0.00/turn  NoCast   +   I - ring of the Chained Omen {Dex+6, Bglg, Self} (curse)
MPRegen 0.17/turn               T - ring "the Ego of Ashenzari" {rPois rC- rCorr Str+9 Stlth+, Fort, Melee} (curse)

@: sick, studying 2 skills, lightly drained
A: claws 2, ignite blood 3, powered by death 3, big brain 2, corrupting presence
1
}: 2/15 runes: decaying, serpentine
a: Renounce Religion, Curse Item, Shatter the Chains


You were on level 1 of the Elven Halls.
You worshipped Ashenzari.
Ashenzari was most pleased with you.
You visited 7 branches of the dungeon, and saw 31 of its levels.
You visited the Abyss 1 time.
You also visited: Ice Cave.

You collected 3430 gold pieces.
You spent 712 gold pieces at shops.

Inventory:

Hand Weapons
 k - the cursed +7 demon trident "Ensconced Disgust" (weapon) {freeze, *Rage rF++ Dex+3 SInv, Cun, Fort}
   (You acquired it on level 4 of the Dungeon)

   It freezes those it strikes, dealing additional cold damage.
   It can also slow down cold-blooded creatures.
   Dex:       It affects your dexterity (+3).
   rF:        It greatly protects you from fire.
   SInv:      It lets you see invisible.
   *Rage:     It berserks you when you make melee attacks (+20% chance).
   It has a curse which improves the following skills: Cunning: Dodging and
   Stealth.
   Fortitude: Armour and Shields.
 q - the +8 whip "Snakebite" {venom, curare, rPois}
   (You found it on level 4 of the Lair of Beasts)

   It poisons the flesh of those it strikes.
   It occasionally inflicts asphyxiating poison on those it strikes, dealing
   poison damage and causing slowness.
   rPois:     It protects you from poison.
Missiles
 O - 6 throwing nets
Armour
 h - a +0 tower shield
 G - the cursed +15 Maxwell's patent armour (worn) {-Cast -Tele rElec Will+ rCorr, Melee, Comp}
   (You acquired it on level 5 of the Dungeon)

   rElec:     It insulates you from electricity.
   -Cast:     It prevents spellcasting.
   -Tele:     It prevents most forms of teleportation.
   rCorr:     It protects you from acid and corrosion.
   Will:      It increases your willpower.
   It has a curse which improves the following skills: Melee Combat: Short
   Blades, Long Blades, Axes, Maces & Flails, Polearms, Staves and Unarmed
   Combat.
   Companions: Summonings and Necromancy.
 Q - +0 ice dragon scales
Jewellery
 d - a ring of flight
 l - the cursed amulet of the Profound Pleiades (around neck) {Regen+, Evo, Elem}
   (You found it on level 1 of the Dungeon)

   [amulet of regeneration]

   Regen:     It increases your rate of health regeneration.
   It has a curse which improves the following skills: Evocations: Evocations.
   Elements:  Fire Magic, Ice Magic, Air Magic and Earth Magic.
 r - an amulet of the acrobat
 D - a +6 ring of strength
 I - the cursed ring of the Chained Omen (left claw) {Dex+6, Bglg, Self}
   (You found it on level 5 of the Dungeon)

   [ring of dexterity]

   Dex:       It affects your dexterity (+6).
   It has a curse which improves the following skills: Beguiling: Conjurations,
   Hexes and Translocations.
   Introspection: Fighting and Spellcasting.
 T - the cursed ring "the Ego of Ashenzari" (right claw) {rPois rC- rCorr Str+9 Stlth+, Fort, Melee}
   (You found it on level 1 of the Lair of Beasts)

   [ring of poison resistance]

   Str:       It affects your strength (+9).
   rC:        It makes you vulnerable to cold.
   rPois:     It protects you from poison.
   rCorr:     It protects you from acid and corrosion.
   Stlth:     It makes you more stealthy.
   It has a curse which improves the following skills: Fortitude: Armour and
   Shields.
   Melee Combat: Short Blades, Long Blades, Axes, Maces & Flails, Polearms,
   Staves and Unarmed Combat.
 U - a +4 ring of protection
 Z - the ring of the Majestic God {rF+ Will- Int+2 Stlth+}
   (You found it in an ice cave)

   [ring of protection from fire]

   Int:       It affects your intelligence (+2).
   rF:        It protects you from fire.
   Will:      It decreases your willpower.
   Stlth:     It makes you more stealthy.
Wands
 b - a wand of paralysis (22)
 B - a wand of mindburst (3)
 H - a wand of polymorph (21)
 L - a wand of acid (3)
 R - a wand of iceblast (17)
 S - a wand of flame (44)
 V - a wand of charming (5) (quivered)
Scrolls
 c - 4 scrolls of silence
 e - 3 scrolls of torment
 g - 14 scrolls of teleportation
 m - 3 scrolls of holy word
 p - 4 scrolls of vulnerability
 t - 6 scrolls of enchant weapon
 u - 2 scrolls of brand weapon
 x - 2 scrolls of enchant armour
 y - 7 scrolls of fog
 C - 5 scrolls of magic mapping
 F - 7 scrolls of amnesia
 P - 2 scrolls of blinking
Potions
 a - 2 potions of invisibility
 f - 3 potions of might
 i - 7 potions of flight
 j - 6 potions of haste
 n - 3 potions of berserk rage
 o - 4 potions of heal wounds
 s - 3 potions of attraction
 w - 2 potions of lignification
 z - 4 potions of magic
 A - 16 potions of curing
 J - 4 potions of ambrosia
 K - a potion of resistance
 M - 4 potions of mutation
 N - a potion of cancellation
Miscellaneous
 v - a piece from Xom's chessboard (15/15)
 W - a tin of tremorstones (inert)
 X - a lightning rod (3/4)
 Y - a phial of floods


   Skills:
 - Level 19.6(21.0) Fighting
 - Level 1.0(2.3) Short Blades
 - Level 11.5(14.0) Polearms
 - Level 1.0(7.7) Staves
 - Level 3.0 Throwing
 - Level 15.6(18.0) Armour
 - Level 8.3(10.0) Dodging
 - Level 5.0(6.5) Stealth
 - Level 3.7(6.0) Unarmed Combat
 - Level 1.0(2.0) Spellcasting
 - Level 4.8(6.3) Conjurations
 - Level 4.8(6.3) Hexes
 - Level 1.0(2.0) Summonings
 + Level 11.3(12.8) Evocations


You had 19 spell levels left.
You knew the following spells:

 Your Spells              Type           Power      Damage    Failure   Level
a - Summon Small Mammal   Summ           32%        N/A       43%         1

Your spell library contained the following spells:

 Spells                   Type           Power      Damage    Failure   Level
 Shock                    Conj/Air       48%        1d6       28%         1
 Summon Guardian Golem    Hex/Summ       15%        N/A       52%         3
 Cause Fear               Hex            11%        N/A       63%         4
 Stone Arrow              Conj/Erth      24%        3d8       65%         3
 Animate Skeleton         Necr           4%         N/A       71%         1
 Apportation              Tloc           4%         N/A       71%         1
 Mephitic Cloud           Conj/Pois/Air  8%         N/A       80%         3
 Call Canine Familiar     Summ           8%         N/A       82%         3
 Blink                    Tloc           4%         N/A       83%         2
 Corpse Rot               Necr/Air       4%         N/A       83%         2
 Sublimation of Blood     Necr           2%         N/A       83%         2
 Wereblood                Tmut           1%         N/A       86%         2
 Iskenderun's Battlesphe  Conj           22%        2d8       92%         5
 Anguish                  Hex/Necr       6%         N/A       96%         4
 Hailstorm                Conj/Ice       12%        3d5       96%         4
 Leda's Liquefaction      Hex/Erth       6%         N/A       96%         4
 Lesser Beckoning         Tloc           2%         N/A       97%         3
 Ozocubu's Armour         Ice            2%         N/A       97%         3
 Swiftness                Air            2%         N/A       97%         3
 Summon Mana Viper        Hex/Summ       15%        N/A       99%         5
 Airstrike                Air            1%         N/A       100%        4
 Animate Armour           Summ/Erth      10%        N/A       100%        4
 Dispel Undead            Necr           2%         3d7       100%        4
 Ice Form                 Ice/Tmut       1%         N/A       100%        4
 Olgreb's Toxic Radiance  Pois           1%         N/A       100%        4
 Petrify                  Tmut/Erth      1%         N/A       100%        4
 Summon Ice Beast         Ice/Summ       5%         N/A       100%        4
 Blade Hands              Tmut           0%         N/A       100%        5
 Fireball                 Conj/Fire      6%         3d5       100%        5
 Irradiate                Conj/Tmut      5%         3d15      100%        5
 Lee's Rapid Deconstruct  Erth           1%         3d5*      100%        5
 Manifold Assault         Tloc           2%         N/A       100%        5
 Metabolic Englaciation   Hex/Ice        6%         N/A       100%        5
 Conjure Ball Lightning   Conj/Air       6%         3x3d6     100%        6
 Death Channel            Necr           1%         N/A       100%        6
 Iron Shot                Conj/Erth      6%         9d2       100%        6
 Simulacrum               Ice/Necr       1%         N/A       100%        6
 Statue Form              Tmut/Erth      0%         N/A       100%        6
 Dragon Form              Tmut           0%         N/A       100%        7
 Monstrous Menagerie      Summ           4%         N/A       100%        7
 Orb of Destruction       Conj           11%        9d6       100%        7
 Summon Hydra             Summ           4%         N/A       100%        7
 Discord                  Hex            11%        N/A       100%        8
 Disjunction              Tloc           1%         N/A       100%        8
 Lehudib's Crystal Spear  Conj/Erth      6%         10d3      100%        8
 Dragon's Call            Summ           4%         N/A       100%        9


Dungeon Overview and Level Annotations

Branches:
Dungeon (14/15)            Temple (1/1) D:4            Lair (5/6) D:8
  Swamp (4/4) Lair:4        Snake (4/4) Lair:4          Orc (2/2) D:10
    Elf (1/3) Orc:2         IceCv (visited)
  Slime: Lair:5-6    Vaults: D:13-14

Altars:
Ashenzari
Cheibriados
Dithmenos
Elyvilon
Fedhas
Gozag
Hepliaklqana
Kikubaaqudgha
Makhleb
Nemelex Xobeh
Okawaru
Qazlal
Ru
Sif Muna
Trog
Wu Jian
Xom
Yredelemnul
Zin
The Shining One

Shops:
D:7 *   D:10 !*(   Orc:2 [*(:   Snake:1 :*

Annotations:
Orc:2 2 transporters, ASSMAN's ghost, journeyman DrCj


Innate Abilities, Weirdness & Mutations

You have very sharp fingernails.
Your demonic aura causes all spilled blood to erupt in flames.
You regenerate a lot of health from kills.
You have an extremely huge brain. (Int +4)
Your presence sometimes corrodes those you injure.


Message History

Space warps around you.
* * * LOW HITPOINT WARNING * * *
The +3 battleaxe of distortion hits your hell knight!!
Your hell knight dies!
The +3 battleaxe of distortion hits you but does no damage.
Tentacles burst from the starspawn's body! 2 starspawn tentacles come into view.
The +3 battleaxe of distortion hits you but does no damage.
Space warps horribly around you!!
* * * LOW HITPOINT WARNING * * *
You feel much better.
The +3 battleaxe of distortion hits you!
* * * LOW HITPOINT WARNING * * *
The +3 battleaxe of distortion hits you!
* * * LOW HITPOINT WARNING * * *
Space warps horribly around you!
* * * LOW HITPOINT WARNING * * *
You feel much better.
The +3 battleaxe of distortion barely misses you.
You feel much better.
The +3 battleaxe of distortion hits you.
* * * LOW HITPOINT WARNING * * *
Space warps around you.
* * * LOW HITPOINT WARNING * * *
Okay, then.
Okay, then.
Press: ? - help, v - describe, . - travel
Here: a +3 battleaxe of distortion The floor.
As you read the scroll of summoning, it crumbles to dust.
Wisps of shadow whirl around you...
The +3 battleaxe of distortion hits you!
* * * LOW HITPOINT WARNING * * *
The +3 battleaxe of distortion hits your water elemental.
Space warps around your water elemental.
The +3 battleaxe of distortion hits your deep elf knight.
Space warps around your deep elf knight.
The +3 battleaxe of distortion hits you but does no damage.
Space warps horribly around you!!
You die...

#.# * * , * .. #. .# ..
#.# , , ..#, .. .. ,#.#
#.# * . , , .$. #. e#
...# #.# * #. *,* ,#.#
.,. #.#.# #'# #.. {
,*..#.#.#..#.# ..## *
#..,{ ,#.#.#.#.#.#.#
...### ,* ..
{,,#...{.e...#.# .....#
*
#####.#########Λ#####.#
...###
,......e@(§E.○X─)......#
.##'##
*##########e######....##
####.## #.........####
##.##### ##.#########
##.##.## #..# ##'...##
#.## ##.....#####.#
#.........)..#
##.....#######


You could see a tentacled starspawn, a +3 battleaxe of distortion (ally target),
a friendly deep elf archer (summoned, repels missiles), a friendly deep elf
knight (summoned) and a friendly water elemental (summoned).

Vanquished Creatures
  Nikola (Swamp:2)
  Jorgrun (Swamp:2)
  2 tentacled starspawn (Abyss:5)
  A thorn hunter (Swamp:3)
  An azure jelly (Swamp:4)
  4 nagarajas
  A daeva (Abyss:5)
  Aizul (Snake:1)
  An orc warlord (Orc:2)
  Louise (Swamp:4)
  The ghost of Xilimun the Protected, a journeyman GrGl of Okawaru (D:12)
  3 eleionomae
  The ghost of WindUpCitrus the Fighter, a journeyman MiHu of Fedhas (Lair:3)
  4 bunyips
  A white draconian (IceCv)
  A rakshasa (D:13)
  2 ice dragons (Swamp:4)
  12 hydras
  3 boulder beetles
  Harold (D:7)
  11 naga warriors
  6 centaur warriors (D:13)
  A ghost crab (Swamp:3)
  2 catoblepae
  5 two-headed ogres
  8 salamander tyrants
  14 anacondas
  5 alligators
  4 dancing weapons (Elf:1)
  A death yak (Lair:4)
  4 orc high priests
  4 shock serpents
  8 naga sharpshooters
  A tengu warrior (Swamp:1)
  A thrashing horror (Abyss:5)
  A hell knight (Abyss:5)
  Sonja (D:11)
  A deep elf knight (Elf:1)
  A spatial maelstrom (Abyss:5)
  7 goliath frogs
  5 spriggan druids
  5 swamp dragons
  6 naga ritualists
  3 salamander mystics
  2 bunyip skeletons (Swamp:3)
  A bunyip zombie (Swamp:3)
  3 deep elf pyromancers
  5 orc knights
  4 bog bodies
  5 deep elf zephyrmancers (Elf:1)
  3 cyclopes
  3 orc sorcerers
  5 ugly things
  24 salamanders
  2 manticores
  6 mana vipers
  5 will-o-the-wisps
  22 elephants
  Joseph (D:7)
  Maurice (Orc:2)
  4 centaur zombies (D:10)
  15 naga magi
  30 black mambas
  A smoke demon (Abyss:5)
  An apocalypse crab (Abyss:5)
  7 guardian serpents
  2 ice statues (IceCv)
  3 gargoyles
  2 unseen horrors
  Psyche (D:10)
  10 cane toads
  3 tengu conjurers
  A kobold demonologist (D:10)
  8 rime drakes
  6 komodo dragons
  4 freezing wraiths (Swamp:4)
  A troll (D:9)
  A polar bear (Lair:3)
  A queen bee (D:12)
  3 meliai
  11 hornets
  20 blink frogs
  Grinder (D:6)
  7 tyrant leeches
  12 dream sheep
  Sigmund (D:2)
  A large abomination (Abyss:5)
  A spriggan (shapeshifter) (D:13)
  10 spriggans
  A wraith (D:13)
  4 wyverns
  39 yaks
  Grum (D:10)
  Eustachio (Temple)
  A spatial vortex (Abyss:5)
  2 basilisks
  A chaos spawn (Abyss:5)
  2 swamp worm simulacra (Swamp:4)
  7 vampire mosquitoes
  Menkaure (D:4)
  A warg (Orc:2)
  12 swamp worms
  29 nagas
  15 water moccasins
  14 hydra simulacra (Swamp:4)
  25 orc warriors
  4 swamp drakes
  A sky beast (D:7)
  3 black bears
  2 ice beasts (D:6)
  An ogre (D:7)
  9 wolves
  7 centaurs
  3 kobold brigands
  9 bullfrogs
  2 gnoll sergeants
  5 necrophages
  4 scorpions
  2 wights
  7 lindwurm simulacra (IceCv)
  11 killer bees
  4 howler monkeys
  2 komodo dragon simulacra (IceCv)
  4 hounds
  Crazy Yiuf (D:2)
  18 orc priests
  2 gnoll shamans
  A human zombie (D:10)
  Ijyb (D:3)
  6 iguanas
  33 orc wizards
  2 mummies (D:10)
  A howler monkey zombie (D:10)
  11 gnolls
  5 acid dragon simulacra (IceCv)
  7 adders
  A shadow imp (D:7)
  6 swamp drake simulacra (Swamp:4)
  7 steam dragon simulacra (IceCv)
  3 worms
  5 dart slugs (D:2)
  81 orcs
  4 bats
  7 endoplasms
  A giant cockroach (D:3)
  7 goblins
  14 hobgoblins
  6 jackals
  24 kobolds
  5 quokkas
  5 ball pythons
  A frilled lizard (D:2)
  6 rats
  5 briar patches (Swamp:3)
  2 bushes (Lair:5)
  2 starspawn tentacles (Abyss:5)
924 creatures vanquished.

Vanquished Creatures (collateral kills)
  A great orb of eyes (Abyss:5)
  2 bunyip zombies (Swamp:3)
  A bog body (Swamp:3)
  A bunyip skeleton (Swamp:3)
  A spriggan simulacrum (Swamp:3)
  2 necromancers
  A smoke demon (Abyss:5)
  An ancient zyme (Abyss:5)
  A neqoxec (Abyss:5)
  A swamp worm (Swamp:3)
  A starspawn tentacle (Abyss:5)
13 creatures vanquished.

Vanquished Creatures (others)
  A thrashing horror (Abyss:5)
  A hell knight (Elf:1)
  A shadow wraith (Abyss:5)
  A will-o-the-wisp (Swamp:3)
  A meliai (D:13)
  3 bloated husks
  A tyrant leech (Swamp:3)
  2 swamp worms
  A naga (Snake:1)
  A briar patch (Swamp:3)
  26 foxfires
  22 fungi
  47 plants
  18 starspawn tentacles
126 creatures vanquished.

Grand Total: 1063 creatures vanquished

Notes
Turn   | Place    | Note
-------+----------+-------------------------------------------
     0 | D:1      | enile the Demonspawn Wanderer began the quest for the Orb.
     0 | D:1      | enile set off with the following items: a +0 dagger, 11
                  | poisoned darts, a wand of flame (14), a +0 leather armour;
                  | and the following spell memorised: Summon Small Mammal; and
                  | the following spells available to memorise: Call Canine
                  | Familiar
     0 | D:1      | Reached XP level 1. HP: 15/15 MP: 2/2
   552 | D:1      | Reached skill level 2 in Fighting
   565 | D:1      | Gained mutation: Your demonic aura sometimes causes spilled
                  | blood to erupt in flames. [demonic ancestry]
   565 | D:1      | Reached XP level 2. HP: 22/22 MP: 3/3
  1602 | D:2      | Reached skill level 3 in Fighting
  1602 | D:2      | Gained mutation: You regenerate a little health from kills.
                  | [demonic ancestry]
  1602 | D:2      | Reached XP level 3. HP: 12/29 MP: 4/4
  2001 | D:2      | Found a faded altar of an unknown god.
  2371 | D:2      | Reached skill level 1 in Short Blades
  2414 | D:2      | Reached XP level 4. HP: 35/35 MP: 5/5
  2462 | D:2      | Prayed at the altar of an unknown god.
  2462 | D:2      | Became a worshipper of Sif Muna the Loreminder
  2462 | D:2      | Reached * piety under Sif Muna
  2528 | D:2      | Found a runed translucent door.
  2529 | D:2      | Noticed Crazy Yiuf
  2775 | D:2      | Noticed Sigmund
  2794 | D:2      | Killed Sigmund
  2795 | D:2      | Reached skill level 4 in Fighting
  2795 | D:2      | Reached XP level 5. HP: 34/43 MP: 6/6
  2959 | D:2      | Killed Crazy Yiuf
  2960 | D:2      | Reached XP level 6. HP: 9/50 MP: 0/7
  2961 | D:2      | HP: 2/50 [poisoned by Crazy Yiuf]
  3410 | D:3      | Found a broken altar of Ashenzari.
  3427 | D:3      | Reached skill level 5 in Fighting
  3594 | D:3      | Noticed Ijyb
  3601 | D:3      | Paralysed by Ijyb for 7 turns
  3609 | D:3      | Killed Ijyb
  3610 | D:3      | Reached skill level 1 in Staves
  4043 | D:3      | Fell from the grace of Sif Muna
  4043 | D:3      | Became a worshipper of Ashenzari the Shackled
  4090 | D:3      | Found a basalt altar of Yredelemnul.
  4398 | D:3      | Noticed an angel
  4561 | D:4      | Reached skill level 1 in Stealth
  4720 | D:4      | Found a staircase to the Ecumenical Temple.
  4820 | D:4      | Noticed Menkaure
  4862 | Temple   | Entered the Ecumenical Temple
  4992 | D:4      | Identified a scroll of acquirement
  4992 | D:4      | Acquired the +7 demon trident of the End {freeze, *Rage
                  | rF++ Dex+3 SInv}
  5003 | D:4      | Killed Menkaure
  5004 | D:4      | Reached skill level 1 in Polearms
  5004 | D:4      | Gained mutation: You have an unusually large brain. (Int
                  | +2) [demonic ancestry]
  5004 | D:4      | Reached XP level 7. HP: 56/56 MP: 8/8
  5021 | D:4      | Noticed Eustachio
  5093 | Temple   | Killed Eustachio
  5744 | D:5      | Entered Level 5 of the Dungeon
  5810 | D:5      | Found a shimmering blue altar of Sif Muna.
  5868 | D:5      | Acquired the +15 Maxwell's patent armour {-Cast -Tele rElec
                  | Will+ rCorr}
  5868 | D:5      | Found the +15 Maxwell's patent armour {-Cast -Tele rElec
                  | Will+ rCorr}
  6024 | D:5      | Reached skill level 5 in Polearms
  6024 | D:5      | Gained mutation: You have sharp fingernails. [demonic
                  | ancestry]
  6024 | D:5      | Reached XP level 8. HP: 54/62 MP: 9/9
  6753 | D:6      | Noticed Grinder
  6759 | D:6      | Killed Grinder
  6760 | D:6      | Reached skill level 5 in Armour
  6849 | D:6      | Reached * piety under Ashenzari
  6982 | D:6      | Gained mutation: You regenerate health from kills. [demonic
                  | ancestry]
  6982 | D:6      | Reached XP level 9. HP: 68/68 MP: 10/10
  7333 | D:7      | Found Fapsuh's Lightly-Used Armoury.
  7436 | D:7      | Reached skill level 6 in Fighting
  7566 | D:7      | Reached skill level 7 in Fighting
  7580 | D:7      | Noticed Harold
  7592 | D:7      | Killed Harold
  7594 | D:7      | Noticed Joseph
  7703 | D:7      | Killed Joseph
  7704 | D:7      | Gained mutation: Your demonic aura often causes spilled
                  | blood to erupt in flames. [demonic ancestry]
  7704 | D:7      | Reached XP level 10. HP: 79/79 MP: 11/11
  7775 | D:7      | Reached ** piety under Ashenzari
  8114 | D:8      | Found a blossoming altar of Fedhas.
  8117 | D:8      | Found a shadowy altar of Dithmenos.
  8125 | D:8      | Found a snail-covered altar of Cheibriados.
  8151 | D:8      | Found a stormy altar of Qazlal.
  8165 | D:8      | Reached skill level 8 in Fighting
  8421 | D:8      | Found a staircase to the Lair.
  8534 | Lair:1   | Entered Level 1 of the Lair of Beasts
  8558 | Lair:1   | Reached skill level 9 in Fighting
  8632 | Lair:1   | Identified the ring of Vava {rPois rC- rCorr Str+9 Stlth+}
  8831 | Lair:1   | Was forgiven by Sif Muna
  9136 | Lair:1   | Reached skill level 5 in Dodging
  9136 | Lair:1   | Reached XP level 11. HP: 89/89 MP: 12/12
  9237 | Lair:2   | Noticed a catoblepas
  9245 | Lair:1   | Killed a catoblepas
  9410 | Lair:2   | Reached skill level 5 in Stealth
  9434 | Lair:2   | Found a frozen archway.
  9445 | IceCv    | Entered an ice cave
  9606 | IceCv    | Reached skill level 5 in Evocations
 10174 | IceCv    | Noticed a white draconian
 10176 | IceCv    | Identified the ring of the Majestic God {rF+ Will- Int+2
                  | Stlth+}
 10181 | IceCv    | Killed a white draconian
 10182 | IceCv    | Reached skill level 10 in Fighting
 10372 | Lair:2   | Reached skill level 11 in Fighting
 10435 | Lair:2   | Gained mutation: You have an extremely huge brain. (Int +4)
                  | [demonic ancestry]
 10435 | Lair:2   | Reached XP level 12. HP: 100/100 MP: 13/13
 10572 | Lair:2   | Reached skill level 10 in Armour
 10868 | Lair:2   | Noticed a six-headed hydra
 10873 | Lair:2   | Killed a six-headed hydra
 11020 | Lair:3   | Identified the +0 helmet of the Lute {*Slow rF+ Int+6}
 11272 | Lair:3   | Found a runed translucent door.
 11275 | Lair:3   | Noticed WindUpCitrus's ghost (journeyman MiHu)
 11301 | Lair:3   | Found a snail-covered altar of Cheibriados.
 11301 | Lair:3   | Noticed a seven-headed hydra
 11306 | Lair:3   | Killed a seven-headed hydra
 11427 | Lair:3   | Noticed a boulder beetle
 11438 | Lair:3   | Killed a boulder beetle
 11516 | Lair:3   | Identified the +3 plate armour of Quantum Leap {Will+ Str+3
                  | Int-2}
 11521 | Lair:3   | Reached skill level 12 in Fighting
 11846 | Lair:3   | Killed WindUpCitrus's ghost
 11880 | Lair:4   | Noticed a six-headed hydra
 11885 | Lair:4   | Killed a six-headed hydra
 11886 | Lair:4   | Gained mutation: Your presence sometimes corrodes those you
                  | injure. [demonic ancestry]
 11886 | Lair:4   | Reached XP level 13. HP: 108/108 MP: 14/14
 12084 | Lair:4   | Reached skill level 10 in Polearms
 12218 | Lair:4   | Found a staircase to the Snake Pit.
 12395 | Lair:4   | Found the +8 whip "Snakebite" {venom, curare, rPois}
 12832 | Lair:4   | Found a staircase to the Swamp.
 13174 | Lair:5   | Reached skill level 13 in Fighting
 13590 | Lair:5   | Reached skill level 14 in Fighting
 14710 | D:9      | Reached *** piety under Ashenzari
 14719 | D:9      | Found an ornate altar of the Wu Jian Council.
 14934 | D:10     | Entered Level 10 of the Dungeon
 14972 | D:10     | Found a hazy altar of Hepliaklqana.
 14978 | D:10     | Noticed Grum
 14984 | D:10     | Killed Grum
 15036 | D:10     | Found Ybrag's Weapon Emporium.
 15099 | D:10     | Found Qistraj's Weapon Shop.
 15184 | D:10     | Found a staircase to the Orcish Mines.
 15309 | D:10     | Found an ancient bone altar of Kikubaaqudgha.
 15544 | D:10     | Gained mutation: You regenerate a lot of health from kills.
                  | [demonic ancestry]
 15544 | D:10     | Reached XP level 14. HP: 125/125 MP: 17/17
 15608 | D:10     | Noticed Psyche
 15616 | D:10     | Killed Psyche
 15664 | D:10     | Found Kioczuv's Distillery.
 15671 | D:10     | Bought a potion of haste for 120 gold pieces
 15671 | D:10     | Bought a potion of heal wounds for 60 gold pieces
 15688 | D:10     | Found Mipuukka's General Store.
 15881 | Orc:1    | Entered Level 1 of the Orcish Mines
 15968 | Orc:2    | Entered Level 2 of the Orcish Mines
 15986 | Orc:2    | Noticed Maurice
 15993 | Orc:2    | Killed Maurice
 16060 | Orc:2    | Reached skill level 15 in Fighting
 16220 | Orc:2    | Found a transporter.
 16224 | Orc:2    | Noticed ASSMAN's ghost (journeyman DrCj)
 16224 | Orc:2    | Identified the ring "Vyng" {Str+6 Int+2 Dex+2}
 16238 | Orc:2    | Found a transporter.
 16349 | Orc:2    | Noticed an orc warlord
 16378 | Orc:2    | Killed an orc warlord
 16385 | Orc:2    | Found a staircase to the Elven Halls.
 16739 | Orc:2    | Found Cus Nila's General Store.
 16740 | Orc:2    | Found Faapuirch's Book Emporium.
 16742 | Orc:2    | Found Micwas's Antique Armour Shoppe.
 16742 | Orc:2    | Found Bavoos's Antique Weapon Shoppe.
 17776 | D:11     | Reached skill level 10 in Evocations
 18148 | D:11     | Noticed Sonja
 18152 | D:11     | Killed Sonja
 18378 | D:12     | Found a transporter.
 18383 | D:12     | Found a transporter.
 18387 | D:12     | Noticed Xilimun's ghost (journeyman GrGl)
 18854 | D:12     | Killed Xilimun's ghost
 19653 | D:13     | Gained mutation: You have very sharp fingernails. [demonic
                  | ancestry]
 19653 | D:13     | Reached XP level 15. HP: 132/134 MP: 18/18
 20025 | D:14     | Reached skill level 1 in Conjurations
 20025 | D:14     | Reached skill level 1 in Hexes
 20039 | D:13     | Reached skill level 1 in Unarmed Combat
 20566 | Snake:1  | Entered Level 1 of the Snake Pit
 20839 | Snake:1  | Found Acecoil's Book Boutique.
 20874 | Snake:1  | Found Baont's General Store.
 20882 | Snake:1  | Bought a potion of ambrosia for 112 gold pieces
 20882 | Snake:1  | Bought a potion of curing for 42 gold pieces
 20882 | Snake:1  | Bought a wand of polymorph (4) for 84 gold pieces
 20882 | Snake:1  | Bought a wand of charming (4) for 84 gold pieces
 20882 | Snake:1  | Bought 2 scrolls of holy word for 210 gold pieces
 21456 | Snake:1  | Noticed Aizul
 21470 | Snake:1  | Killed Aizul
 21863 | Snake:2  | Reached skill level 16 in Fighting
 22739 | Snake:3  | Noticed a nagaraja
 22749 | Snake:3  | Killed a nagaraja
 22769 | Snake:3  | Reached skill level 17 in Fighting
 23002 | Snake:3  | Reached XP level 16. HP: 145/145 MP: 19/19
 23512 | Snake:4  | Entered Level 4 of the Snake Pit
 23820 | Snake:4  | Reached skill level 18 in Fighting
 24404 | Snake:4  | Reached skill level 19 in Fighting
 24621 | Snake:4  | Got a serpentine rune of Zot
 24946 | Swamp:1  | Entered Level 1 of the Swamp
 25584 | Swamp:2  | Noticed Nikola
 25585 | Swamp:2  | Found a bloodstained altar of Trog.
 25604 | Swamp:2  | Noticed Jorgrun
 25616 | Swamp:2  | Killed Jorgrun
 25617 | Swamp:2  | Gained mutation: Your demonic aura causes all spilled blood
                  | to erupt in flames. [demonic ancestry]
 25617 | Swamp:2  | Reached XP level 17. HP: 151/158 MP: 20/20
 25629 | Swamp:2  | Killed Nikola
 26130 | Swamp:2  | Identified the +1 flail of Yesterday {freeze, rC- Int+3}
 26567 | Swamp:3  | Identified Sif Muna's Reference Book on Stolen Souls
 26568 | Swamp:3  | Found an ancient bone altar of Kikubaaqudgha.
 27068 | Swamp:4  | Entered Level 4 of the Swamp
 27087 | Swamp:4  | Identified the +12 crystal plate armour "Dosi" {Int+2}
 27114 | Swamp:4  | Reached skill level 15 in Armour
 27153 | Swamp:4  | Identified the +3 arbalest "Dugotro" {elec, rF- rC+ rN++
                  | rCorr}
 27382 | Swamp:4  | Noticed Louise
 27404 | Swamp:4  | Killed Louise
 28015 | Swamp:4  | Got a decaying rune of Zot
 28439 | Elf:1    | Entered Level 1 of the Elven Halls
 28644 | Elf:1    | Identified the Collected Works on Poisoning and Changing
 28666 | Elf:1    | Cast into level 4 of the Abyss (+3 battleaxe of distortion)
 28669 | Abyss:4  | Found a broken altar of Ashenzari.
 28686 | Abyss:5  | Entered Level 5 of the Abyss
 28808 | Abyss:5  | Paralysed by you for 7 turns
 28907 | Elf:1    | Escaped the Abyss
 28915 | Elf:1    | HP: 3/153 [+3 battleaxe of distortion (15)]
 28919 | Elf:1    | Slain by a +3 battleaxe of distortion

Illustrated notes

Levels and vault maps discovered:
D:1:      ebering_hopf_link, layout_basic
D:2:      layout_basic, basic_altar,
          dreamdust_ecumenical_altar_angels_and_demons, uniq_sigmund,
          uniq_crazy_yiuf_cottage
D:3:      layout_basic, grunt_temple_overflow_holy_war, lemuel_round_altar,
          uniq_ijyb
D:4:      layout_loops_ring, temple_fountains, uniq_menkaure, uniq_eustachio
D:5:      layout_basic, nicolae_sif_muna_condensation
D:6:      layout_basic, uniq_grinder
D:7:      layout_rooms, supply_closet_lemuel, minmay_misc_feat_square,
          minmay_shop_damaged, uniq_joseph, uniq_harold
D:8:      minmay_angry_zag, layout_rooms, nicolae_overflow_hallway_of_the_gods,
          david_lair_shrubbed, grunt_decor_arrowhead
D:9:      layout_basic, pdpol_wu_jian_five_deadly_venoms
D:10:     layout_basic, lemuel_mausoleum_altar_kikubaaqudgha,
          general_overflow_altar, david_orc_3, serial_shops, shop_statue,
          nicolae_shop_trees, shop, nicolae_shop_behind_doors,
          dreamdust_deal_with_the_devil, billiards_dpeg, uniq_psyche, uniq_grum
D:11:     cheibrodos_orc_bank, layout_long_grid, uniq_sonja
D:12:     layout_irregular_city, gammafunk_ghost_hive
D:13:     minmay_evil_eye, layout_gridville, serial_bayou_pond_a,
          elyvilon_altar_4
D:14:     layout_roguey, erik_vaults_2,
          ploomutoo_gammafunk_ghost_potion_laboratory, hex_tiny, minivault_14,
          kennysheep_opposing_triangles
Temple:   jpeg_temple_island
Lair:1:   layout_long_grid, serial_bayou_shore_b, grunt_megastairs_5
Lair:2:   layout_long_grid, portal_ice_cave_entry_pillars_2,
          serial_bayou_shore_a, infiniplex_staircase_pool_2, grunt_megastairs_2
Lair:3:   layout_chaotic_city, hellmonk_ghost_happy_afterlife, basic_altar
Lair:4:   minmay_guarded_unrand_snakebite, layout_regular_city,
          minmay_swamp_entry_worms, minmay_snake_entry_guardpost_large,
          nicolae_lair_yak_garden
Lair:5:   layout_layer_cave, wad_woods_road_01, grunt_megastairs_1
Swamp:1:  layout_basic_swamp, evilmike_swamp_ruin_house_4
Swamp:2:  layout_basic_swamp, lemuel_altar_in_water, swamp_pool1, kb_tengu_band,
          uniq_jorgrun, uniq_nikola
Swamp:3:  nicolae_swamp_long_stream, layout_falls_marsh,
          nicolae_swamp_ascending_descending, swamp_pool4, beargit_kiku_chapel
Swamp:4:  swamp_icy, layout_basic_swamp, swamp_pool5, uniq_louise
Snake:1:  hangedman_cross_stitches, layout_chambers, minmay_shop_star,
          lemuel_fruit_tree, uniq_aizul
Snake:2:  layout_misc_corridors, nrook_guardian_serpent_double
Snake:3:  layout_layer_cave
Snake:4:  grunt_snake_rune_pools, layout_cave_town
Orc:1:    layout_diamond_mine, lemuel_statue_altar
Orc:2:    st_orc_congregation, layout_caves, gammafunk_ghost_berserking_beasts,
          nicolae_orc_sculptors_studio, uniq_maurice
Elf:1:    minmay_the_grid_4x2 [minmay_the_grid_tri_star,
          minmay_the_grid_dragon_a, minmay_the_grid_medium_cups,
          minmay_the_grid_gridbox, minmay_the_grid_stretched_grid,
          minmay_the_grid_minigrid_small, minmay_the_grid_empty,
          minmay_the_grid_prize_inner_circle], layout_geoelf_octagon,
          serial_shops, shop, hangedman_elven_crosses_minicolossus,
          st_stairs_11, minivault_25_ag, minivault_25

Skill      XL: |  1  2  3  4  5  6  7  8  9 10 11 12 13 14 15 16 17 |
---------------+----------------------------------------------------+-----
Fighting       | 2 3 4 5 7 9 11 12 14 15 17 19 | 19.6
Dodging        | 2 3 5 8 |  8.3
Short Blades   | 1 |  1.0
Armour         | 2 5 7 8 10 11 13 15 | 15.6
Staves         | 1 |  1.0
Stealth        | 2 3 5 |  5.0
Polearms       | 1 5 7 8 9 10 11 | 11.5
Throwing       | 3 |  3.0
Evocations     | 5 7 10 11 | 11.3
Conjurations   | 4 |  4.8
Hexes          | 4 |  4.8
Unarmed Combat | 3 |  3.7
Spellcasting   | |  1.0
Summonings     | |  1.0

Action                   |  1- 3 |  4- 6 |  7- 9 | 10-12 | 13-15 | 16-18 || total
-------------------------+-------+-------+-------+-------+-------+-------++-------
Melee: Dagger            |   120 |    20 |       |       |       |       ||   140
       Punch             |     1 |     1 |       |     2 |    16 |    38 ||    58
       Quarterstaff      |       |    85 |       |       |       |       ||    85
       Demon trident     |       |     4 |   174 |   386 |  1119 |   853 ||  2536
Throw: Dart              |    24 |     4 |     3 |       |     1 |       ||    32
       Javelin           |       |       |       |     2 |     2 |       ||     4
       Throwing net      |       |       |       |       |     2 |       ||     2
 Cast: Summon Small Mamm |       |     1 |       |       |       |       ||     1
Invok: Curse Item        |       |       |     2 |     2 |     1 |       ||     5
Evoke: Wand              |     7 |     7 |       |     2 |     5 |    31 ||    52
       Tin of tremorston |       |       |       |     1 |     5 |     8 ||    14
       Lightning rod     |       |       |       |     3 |     6 |    11 ||    20
       Piece from Xom's  |       |       |       |       |     3 |       ||     3
       Phial of floods   |       |       |       |       |     1 |       ||     1
  Use: Potion            |     2 |     6 |     1 |       |       |     5 ||    14
       Scroll            |       |     4 |     5 |     1 |     1 |     3 ||    14
 Stab: Sleeping          |       |     1 |     1 |       |       |       ||     2
       Distracted        |       |       |       |     1 |       |     1 ||     2
       Petrified         |       |       |       |       |     5 |       ||     5
       Petrifying        |       |       |       |       |     1 |       ||     1
       Paralysed         |       |       |       |       |     1 |       ||     1
Armor: Leather armour    |    32 |    24 |     2 |       |       |       ||    58
       Plate armour      |       |       |   121 |   204 |   400 |   398 ||  1123
Dodge: Dodged            |    96 |    61 |    62 |   134 |   429 |   358 ||  1140

Table legend: (Time is in decaauts)
 A = Elapsed time spent in this place.
 B = Non-inter-level travel time spent in this place.
 C = Inter-level travel time spent in this place.
 D = Time resting spent in this place.
 E = Time spent auto-exploring this place.
 F = Levels seen in this place.
 G = Mean time per level.
                   A        B        C        D        E       F      G
               +--------+--------+--------+--------+--------+-----+--------+
         Total |  28975 |  26719 |   2256 |   1624 |  19071 |  34 |  852.2 |
       Dungeon |  12878 |  11896 |    982 |    723 |   8883 |  14 |  919.9 |
        Temple |    269 |    246 |     23 |    161 |     44 |   1 |  269.0 |
          Lair |   5363 |   4835 |    528 |    102 |   3707 |   5 | 1072.6 |
         Swamp |   3306 |   3166 |    140 |    269 |   2018 |   4 |  826.5 |
     Snake Pit |   4137 |   3873 |    264 |     72 |   3016 |   4 | 1034.2 |
  Orcish Mines |   1644 |   1328 |    316 |      0 |    896 |   2 |  822.0 |
   Elven Halls |    226 |    226 |      0 |      0 |    157 |   1 |  226.0 |
         Abyss |    218 |    218 |      0 |      0 |      0 |   2 |  109.0 |
      Ice Cave |    930 |    930 |      0 |    296 |    349 |   1 |  930.0 |
               +--------+--------+--------+--------+--------+-----+--------+

Top non-repeatable levels by time:
     D:2: 1788 daAuts
     D:1: 1461 daAuts
  Lair:5: 1326 daAuts
     D:3: 1271 daAuts
  Lair:4: 1271 daAuts
 Snake:4: 1257 daAuts
 Snake:1: 1228 daAuts
   Orc:2: 1205 daAuts
 Swamp:4: 1117 daAuts
    D:13: 1099 daAuts
    D:10: 1027 daAuts
     D:4: 1010 daAuts
    D:12: 993 daAuts
     D:6: 989 daAuts
 Snake:3: 984 daAuts
